 Dungeon Crawl Stone Soup version 0.20.1-1-g8b1a95d (webtiles) character file.

2058 papiloppo the Cleaver (level 9, -3/81 HPs)
             Began as a Minotaur Berserker on Nov 22, 2017.
             Was a Priest of Trog.
             Slain by Joseph
             ... wielding a +0 quarterstaff
              (15 damage)
             ... on level 7 of the Dungeon.
             The game lasted 00:12:28 (5472 turns).

papiloppo the Cleaver (Minotaur Berserker)          Turns: 5472, Time: 00:12:29

Health: -3/81      AC: 10    Str: 24    XL:     9   Next: 5%
Magic:  8/8        EV: 13    Int:  4    God:    Trog [***...]
Gold:   272        SH:  0    Dex: 11    Spells: 8/8 levels left

rFire    x . .     SeeInvis .   v - +0 war axe
rCold    + . .     Gourm    .   (no shield)
rNeg     . . .     Faith    .   w - +0 scale mail
rPois    +         Spirit   .   (helmet restricted)
rElec    .         Reflect  .   p - +0 cloak
rCorr    .         Harm     .   q - +0 pair of gloves
MR       .....                  (no boots)
Stlth    ..........             (no amulet)
Regen    0.3/turn               n - ring of ice
MPRegen  0.2/turn               o - ring of poison resistance

@: no status effects
A: retaliatory headbutt, horns 2
a: Berserk, Trog's Hand, Burn Spellbooks, Renounce Religion


You were on level 7 of the Dungeon.
You worshipped Trog.
Trog was most pleased with you.
You were not hungry.

You visited 1 branch of the dungeon, and saw 7 of its levels.

You collected 272 gold pieces.

Inventory:

Hand Weapons
 a - a +1 hand axe
 v - a +0 war axe (weapon)
Armour
 b - a +0 animal skin
 l - a +0 ring mail
 p - a +0 cloak (worn)
 q - a +0 pair of gloves (worn)
 w - a +0 scale mail (worn)
Jewellery
 n - a ring of ice (left hand)
 o - a ring of poison resistance (right hand)
Scrolls
 d - a scroll of enchant weapon
 f - 3 scrolls of fear
 g - 2 scrolls of enchant armour {unknown}
 k - 2 scrolls of identify {unknown}
 m - 2 scrolls of teleportation {unknown}
 t - 2 scrolls of recharging {unknown}
 u - 2 scrolls of fog {unknown}
Potions
 e - 7 potions of curing {unknown}
 i - 3 potions of mutation {unknown}
 j - 2 potions of cancellation {unknown}
 r - 2 potions of heal wounds {unknown}
 s - a potion of lignification {unknown}
 x - a potion of agility {unknown}
 A - a potion of haste
 B - a potion of flight {unknown}
 C - a potion of magic {unknown}
Comestibles
 c - 3 bread rations
 h - a royal jelly
 z - a meat ration


   Skills:
 + Level 7.9 Fighting
 + Level 8.0 Axes
 + Level 7.5 Armour
 + Level 6.9 Dodging


You had 8 spell levels left.
You didn't know any spells.

Dungeon Overview and Level Annotations

Branches:
Dungeon (7/15)             Temple (0/1) D:7

Altars:
Cheibriados
Fedhas

Shops:
D:6 :

Annotations:
D:6 Schiappus's ghost, novice TrBe
D:7 Joseph


Innate Abilities, Weirdness & Mutations

You reflexively headbutt those who attack you in melee.
You have a pair of horns on your head.


Message History

Joseph hits you but does no damage.
You slash Joseph! You headbutt Joseph, but do no damage.
Joseph is almost dead.
Joseph hits you with an uncursed quarterstaff!
* * * LOW HITPOINT WARNING * * *
You completely miss Joseph. You headbutt Joseph.
Joseph is almost dead.
Joseph hits you with an uncursed quarterstaff.
* * * LOW HITPOINT WARNING * * *
You barely miss Joseph. Your headbutt misses Joseph.
Joseph is almost dead.
Joseph closely misses you.
You barely miss Joseph. Your headbutt misses Joseph.
Joseph is almost dead.
Joseph hits you with an uncursed quarterstaff.
* * * LOW HITPOINT WARNING * * *
You hit Joseph but do no damage. You headbutt Joseph, but do no damage.
Joseph is almost dead.
Joseph hits you with an uncursed quarterstaff!
You die...

#..###...##### #
#........[...# #######
...⌠..>..⌠..########......
..........................
.###...############......
#.⌠.# ####### #...### #
###((##.#### #
#.....(@@..# #
#..........# #.......[..#
#...!........#
[.............#
...............#
...............#
...............#


You could see Joseph.

Vanquished Creatures
  Pikel (D:6)
  Sigmund (D:3)
  Duvessa (D:5)
  A slave (D:6)
  2 ogres
  2 phantoms (D:5)
  A centaur (D:5)
  An elf zombie (D:4)
  2 elf skeletons (D:4)
  Dowan (D:5)
  A scorpion (D:5)
  A centaur zombie (D:6)
  A jelly (D:5)
  A centaur skeleton (D:4)
  2 orc priests (D:4)
  2 hounds
  4 human skeletons (D:4)
  A human zombie (D:4)
  3 orc wizards
  Jessica (D:2)
  A worker ant (D:4)
  5 adders
  A shadow imp (D:6)
  2 oozes
  4 worms
  4 dart slugs
  2 leopard geckos (D:2)
  9 orcs
  8 giant cockroaches
  7 goblins
  7 hobgoblins
  3 jackals (D:4)
  9 kobolds
  2 quokkas
  8 bats
  7 frilled lizards
  A leopard gecko skeleton (D:4)
  An orc skeleton (D:4)
  2 orc zombies (D:4)
  A quokka skeleton (D:4)
  7 rats
121 creatures vanquished.

Vanquished Creatures (others)
  A slave (D:6)
  An adder (D:6)
  A leopard gecko (D:6)
3 creatures vanquished.

Grand Total: 124 creatures vanquished

Notes
Turn   | Place    | Note
-------+----------+-------------------------------------------
     0 | D:1      | papiloppo the Minotaur Berserker began the quest for the Orb.
     0 | D:1      | Reached XP level 1. HP: 19/19 MP: 0/0
   204 | D:1      | Reached skill level 4 in Axes
   204 | D:1      | Reached XP level 2. HP: 13/27 MP: 1/1
   721 | D:1      | Reached ** piety under Trog
   972 | D:1      | Reached XP level 3. HP: 25/33 MP: 2/2
  1294 | D:2      | Noticed Jessica
  1306 | D:2      | Killed Jessica
  1306 | D:2      | Reached XP level 4. HP: 35/41 MP: 3/3
  2415 | D:3      | Noticed Sigmund
  2418 | D:3      | Killed Sigmund
  2418 | D:3      | Reached skill level 5 in Fighting
  2418 | D:3      | Reached skill level 5 in Axes
  2418 | D:3      | Reached XP level 5. HP: 44/48 MP: 4/4
  2507 | D:3      | Reached XP level 6. HP: 55/56 MP: 5/5
  3245 | D:4      | Reached *** piety under Trog
  3285 | D:4      | Reached XP level 7. HP: 59/62 MP: 6/6
  3613 | D:4      | Found a snail-covered altar of Cheibriados.
  3645 | D:4      | Reached skill level 5 in Armour
  3816 | D:4      | Reached skill level 6 in Axes
  3833 | D:4      | Reached skill level 5 in Dodging
  3925 | D:5      | Entered Level 5 of the Dungeon
  3946 | D:5      | Reached XP level 8. HP: 68/71 MP: 7/7
  4146 | D:5      | Noticed Dowan
  4147 | D:5      | Noticed Duvessa
  4153 | D:5      | Killed Duvessa
  4156 | D:5      | Killed Dowan
  4156 | D:5      | Reached skill level 7 in Axes
  4263 | D:5      | Reached **** piety under Trog
  4909 | D:6      | Found a blossoming altar of Fedhas.
  4910 | D:6      | Noticed Pikel
  4911 | D:6      | Found Ajakucle's Book Boutique.
  4921 | D:6      | Killed Pikel
  4921 | D:6      | Reached XP level 9. HP: 46/81 MP: 8/8
  5167 | D:6      | Noticed Schiappus's ghost (novice TrBe)
  5381 | D:7      | Reached skill level 8 in Axes
  5450 | D:7      | Found a staircase to the Ecumenical Temple.
  5459 | D:7      | Noticed Joseph
  5472 | D:7      | Slain by Joseph

Skill      XL: |  1  2  3  4  5  6  7  8  9 |
---------------+----------------------------+-----
Axes           | 4 5 6 7 8 |  8.0
Fighting       | 4 5 6 7 |  7.9
Armour         | 3 4 5 7 |  7.5
Dodging        | 3 4 5 6 |  6.9

Action                   |  1- 3 |  4- 6 |  7- 9 || total
-------------------------+-------+-------+-------++-------
Melee: Hand axe          |    81 |    89 |    19 ||   189
       Headbutt          |    14 |    10 |    42 ||    66
       War axe           |       |       |   145 ||   145
  Use: Scroll            |     4 |       |       ||     4
 Stab: Sleeping          |     1 |       |       ||     1
  Eat: Chunk             |       |     7 |     4 ||    11
       Bread ration      |       |       |     1 ||     1
Armor: Animal skin       |     9 |       |       ||     9
       Ring mail         |       |    25 |    10 ||    35
       Scale mail        |       |       |    56 ||    56
Dodge: Dodged            |    46 |    50 |    83 ||   179
